 Dungeon Crawl Stone Soup version 0.25.1-2-g60ff931df9 (webtiles) character file.

Game seed: 8732536182245411992

2 DogServant the Ruffian (level 1, 15/18 HPs)
             Began as a Troll Transmuter on Oct 18, 2020.
             Quit the game on level 1 of the Dungeon.
             The game lasted 00:00:16 (40 turns).

DogServant the Ruffian (Troll Transmuter)             Turns: 40, Time: 00:00:17

Health: 15/18      AC:  6    Str: 17    XL:     1   Next: 33%
Magic:  0/1        EV: 10    Int:  9    God:
Gold:   0          SH:  0    Dex: 10    Spells: 1/2 levels left

rFire    . . .     SeeInvis .     - Unarmed
rCold    . . .     Gourm    +   (no shield)
rNeg     . . .     Faith    .   b - +0 robe
rPois    .         Spirit   .   (helmet restricted)
rElec    .         Reflect  .   (no cloak)
rCorr    .         Harm     .   (gloves unavailable)
MR       .....                  (boots unavailable)
Stlth    +.........             (no amulet)
HPRegen  0.46/turn              (no ring)
MPRegen  0.07/turn              (no ring)

@: very slightly contaminated
A: large, unfitting armour, claws 3, fast metabolism 3, gourmand, regeneration
1, shaggy fur 1, tough skin 3
a: no special abilities


You were on level 1 of the Dungeon.
You were not hungry.

You visited 1 branch of the dungeon, and saw 1 of its levels.

Inventory:

Missiles
 a - 12 arrows
Armour
 b - a +0 robe (worn)
Scrolls
 c - a scroll of identify {unknown}
Comestibles
 d - 2 rations


   Skills:
 - Level 0.7 Fighting
 - Level 1.5 Dodging
 + Level 3.1 Unarmed Combat
 - Level 1.2 Spellcasting
 + Level 1.5 Transmutations


You had one spell level left.
You knew the following spells:

 Your Spells              Type           Power        Failure   Level  Hunger
a - Beastly Appendage     Tmut           #.....       21%         1    ##.....

Your spell library contained the following spells:

 Spells                   Type           Power        Failure   Level  Hunger
 Sticks to Snakes         Tmut           #.......     30%         2    ###....
 Spider Form              Tmut/Pois      #.........   63%         3    ####...
 Ice Form                 Ice/Tmut       #.......     95%         4    #####..
 Blade Hands              Tmut           #.........   99%         5    ######.


Dungeon Overview and Level Annotations

Branches:
Dungeon (1/15)

Altars:


Innate Abilities, Weirdness & Mutations

You are too large for most types of armour.
You have claws for hands.
Your metabolism is lightning-fast.
You like to eat raw meat.
Your natural rate of healing is unusually fast.
You are covered in fur. (AC +1)
You have extremely tough skin. (AC +3)


Message History

You are very lightly contaminated with residual magic.
Nothing appears to happen.
Casting: Beastly Appendage (safe; 21% risk of failure)
Confirm with . or Enter, or press ? or * to list all spells.
You don't have enough magic to cast that spell.
A hobgoblin comes into view.
The hobgoblin shouts!
You scratch the hobgoblin.
The hobgoblin is lightly wounded.
The hobgoblin barely misses you. The hobgoblin hits you.
You claw the hobgoblin!
You kill the hobgoblin!
You barely miss the hobgoblin.
The hobgoblin hits you but does no damage.
You claw the hobgoblin!
You kill the hobgoblin!
No target in view!
No target in view!
Okay, then.
Are you sure you want to abandon this character and quit the game? (Confirm with "yes".)

..# ..## ...## ...##
....## #....##
#)....# ##@# ########
#####.!# ^#X#^#X#
#...#.##
###########.#...#
.......#^##'###.#
.#####.###...###..
##^#D#.....>.#^#....
X#########...###....#
## #≈#^##+## #####


There were no monsters in sight!

Vanquished Creatures
  2 hobgoblins (D:1)
2 creatures vanquished.

Notes
Turn   | Place    | Note
-------+----------+-------------------------------------------
     0 | D:1      | DogServant the Troll Transmuter began the quest for the
                  | Orb.
     0 | D:1      | Reached XP level 1. HP: 18/18 MP: 1/1
     0 | D:1      | Noticed an ice dragon
     0 | D:1      | Noticed a large abomination
     1 | D:1      | Noticed a shadow dragon
     3 | D:1      | Noticed a golden dragon
     3 | D:1      | Noticed an orb of fire
     8 | D:1      | Noticed an ice dragon
    10 | D:1      | Noticed an ice dragon
    10 | D:1      | Noticed a large abomination
    12 | D:1      | Noticed a large abomination
    13 | D:1      | Noticed a tentacled monstrosity
    16 | D:1      | Noticed a shadow dragon
    18 | D:1      | Noticed a large abomination
    40 | D:1      | Quit the game

Illustrated notes

Levels and vault maps discovered:
D:1:      shiori_arrival_whats_in_store_for_you, layout_rooms,
          nrook_mini_backslash, minmay_tree_intersection, kennysheep_minor_cross

Action                   || total
-------------------------++-------
Melee: Unarmed           ||     4
Armor: Robe              ||     1
Dodge: Dodged            ||     1
